Map: Dusk Towers

Players

NordWind

  • Race: Zerg Zerg

MaximoIV - Winner!

  • Race: Zerg Zerg

VOD

Have the link to the VOD?

Description

Time

  • Played on: Nov. 19, 2015, 12:34 p.m.
  • Length: 9:34
Show
View Real Time Build Order
Export as new Build Order

NordWind Zerg 

Build Orders: Hatch First, Zergling Baneling 

Get SALT Encoding   

  12  0:02  Drone  
  13  0:13  Overlord  
  13  0:18  Drone  
  14  0:43  Hatchery  
  14  0:49  Drone  
  15  0:50  Drone  
  15  1:04  Drone  
  15  1:10  Spawning Pool  
  15  1:13  Drone  
  16  1:21  Extractor  
  16  1:22  Drone  
  16  1:24  Drone  
  17  1:34  Drone  
  18  1:53  Overlord  
  18  1:56  Queen  
  18  1:57  Queen  
  18  2:00  Zergling x2  
  23  2:04  Zergling x2  
  24  2:11  Drone  
  24  2:13  Drone  
  26  2:31  Overlord  
  26  2:32  Queen  
  26  2:35  Metabolic Boost  
  28  2:46  Roach Warren  
  27  2:58  Overlord x2  
  27  3:08  Drone  
  27  3:09  Drone x2  
  27  3:10  Drone  
  31  3:17  Baneling Nest  
  30  3:31  Zergling x4  
  30  3:32  Zergling x4  
  34  3:53  Zergling x10  
  39  3:55  Overlord  
  39  3:56  Overlord  
  39  4:06  Baneling x4  
  39  4:07  Baneling x4  
  39  4:09  Baneling  
  39  4:22  Queen  
  39  4:38  Zergling x14  
  39  4:57  Zergling x4  
  39  4:58  Zergling x10  
  44  5:10  Extractor  
  43  5:32  Hatchery  
  43  5:33  Roach  
  43  5:34  Roach  
  46  5:39  Roach  
  48  5:43  Baneling x4  
  48  5:55  Drone  
  48  5:56  Drone x3  
  51  6:11  Drone x3  
  51  6:12  Drone  
  51  6:17  Drone  
  56  6:19  Drone  
  56  6:20  Drone  
  58  6:38  Drone x2  
  58  6:39  Drone x5  
  65  6:58  Extractor  
  65  6:59  Drone x2  
  65  7:00  Drone  
  65  7:01  Extractor  
  66  7:02  Drone x3  
  66  7:05  Drone x3  
  64  7:29  Zergling x2  
  67  7:30  Zergling x16  
  72  7:41  Drone x2  
  72  7:44  Overlord x4  
  74  7:48  Overlord x2  
  74  7:53  Baneling x5  
  74  7:54  Baneling x3  
  63  8:31  Queen  
  63  8:33  Zergling x6  
  63  8:34  Zergling x4  
  70  8:37  Drone x4  
  70  8:38  Drone x7  
  78  8:52  Hatchery  
Show
View Real Time Build Order
Export as new Build Order

MaximoIV Zerg - Winner!

Build Orders: Pool First 

Get SALT Encoding   

  12  0:01  Drone  
  13  0:12  Overlord  
  13  0:24  Drone  
  14  0:30  Drone x2  
  14  0:35  Drone  
  17  0:50  Extractor  
  17  0:51  Drone  
  17  0:56  Drone  
  18  1:02  Spawning Pool  
  17  1:08  Drone  
  18  1:22  Hatchery  
  17  1:30  Drone  
  17  1:31  Overlord  
  18  1:41  Drone  
  19  1:49  Queen  
  21  2:00  Metabolic Boost  
  21  2:02  Drone x2  
  23  2:11  Drone  
  24  2:21  Overlord  
  24  2:34  Queen  
  24  2:36  Drone  
  27  2:37  Drone  
  28  2:47  Drone x2  
  30  3:06  Evolution Chamber  
  29  3:14  Zergling x2, Extractor  
  29  3:15  Zergling x10  
  34  3:20  Zergling x2  
  35  3:28  Zergling x2  
  35  3:29  Zergling x2  
  37  3:40  Zergling x2  
  37  3:41  Zergling x2  
  39  3:44  Zerg Melee Weapons Level 1  
  39  3:50  Zergling x4  
  39  3:54  Overlord  
  41  4:06  Zergling x6  
  44  4:14  Zergling x2  
  44  4:15  Zergling x6  
  48  4:18  Overlord  
  48  4:25  Zergling x8  
  39  4:44  Roach Warren  
  29  4:54  Zergling x12  
  29  4:55  Zergling x4  
  37  5:02  Spine Crawler  
  36  5:25  Roach x3  
  36  5:26  Roach x3  
  48  5:29  Roach  
  50  5:38  Roach  
  50  5:39  Roach x3  
  50  5:41  Overlord x2  
  56  6:06  Roach x2  
  56  6:07  Roach x4  
  68  6:13  Roach x2  
  72  7:03  Drone  
  72  7:04  Drone x3  
  72  7:07  Overlord x3  
  76  7:10  Lair  
  74  7:32  Roach x5  
  74  7:33  Roach x4  
  86  8:15  Roach  
  86  8:16  Roach x7  
  86  8:18  Overlord x2  
  100  8:39  Spine Crawler  
  99  8:43  Spine Crawler  
  98  8:52  Drone  
  98  8:53  Drone x9  
  108  8:57  Extractor  
  108  9:00  Extractor  
  108  9:02  Overlord x2  
Tags
 
Add a new tag
Caveats
  • Supply blocks, unpowered buildings, or Contaminate may cause inaccurate times.
  • Supply counts are checked every 10 seconds.